TOP OF THE 1ST |
Louisville Cardinals batting - Pitching for South Florida Bulls : RHP Mark Looper
|
Pitching: RHP Mark Looper
|
|
Batting: RHB Doug Bell
|
0-0: Foul Ball, location: 2F 0-1: Foul Ball, location: 2F 0-2: Foul Ball, location: 2F 0-2: Strikes out looking
|
Batting: RHB Mathew Mullen
|
0-0: Ball 1-0: Ball 2-0: Ball 3-0: Base on Balls
|
Batting: RHB James Everhart
|
0-0: Ball 1-0: Called Strike 1-1: Called Strike 1-2: Strikes out swinging Mathew Mullen steals 2nd base Batter strikes out.
|
Batting: RHB José González
|
0-0: Swinging Strike 0-1: Called Strike 0-2: Ball 1-2: Strikes out swinging
|
Top of the 1st over - 0 run(s), 0 hit(s), 0 error(s), 1 left on base; Louisville 0 - South Florida 0 |
BOTTOM OF THE 1ST |
South Florida Bulls batting - Pitching for Louisville Cardinals : LHP Eric Knox
|
Pitching: LHP Eric Knox
|
|
Batting: RHB Dave Anderson
|
0-0: Swinging Strike 0-1: Ball 1-1: Foul Ball, location: 2F 1-2: Strikes out looking
|
Batting: RHB Roberto Camacho
|
0-0: Foul Ball, location: 2F 0-1: Ball 1-1: Swinging Strike 1-2: Ground out 6-3 (Groundball, 6)
|
Batting: LHB Bob Bush
|
0-0: Ground out 6-3 (Groundball, 6M)
|
Bottom of the 1st over - 0 run(s), 0 hit(s), 0 error(s), 0 left on base; Louisville 0 - South Florida 0 |
TOP OF THE 2ND |
Louisville Cardinals batting - Pitching for South Florida Bulls : RHP Mark Looper
|
Batting: RHB Michael Harris
|
0-0: Fly out, F2 (Popup, 5SF)
|
Batting: RHB Albert Galindo
|
0-0: Ball 1-0: Called Strike 1-1: Fly out, F9 (Flyball, 9M)
|
Batting: RHB Jack Crossey
|
0-0: Foul Ball, location: 2F 0-1: Swinging Strike 0-2: Strikes out swinging
|
Top of the 2nd over - 0 run(s), 0 hit(s), 0 error(s), 0 left on base; Louisville 0 - South Florida 0 |
BOTTOM OF THE 2ND |
South Florida Bulls batting - Pitching for Louisville Cardinals : LHP Eric Knox
|
Batting: RHB Leonardo Sinisterra
|
0-0: Foul Ball, location: 2F 0-1: Ball 1-1: Foul Ball, location: 2F 1-2: Foul Ball, location: 2F 1-2: Strikes out swinging
|
Batting: LHB Pat Lee
|
0-0: Called Strike 0-1: Ball 1-1: Ball 2-1: Foul Ball, location: 2F 2-2: Foul Ball, location: 2F 2-2: Ball 3-2: Strikes out swinging
|
Batting: RHB Pancho Reyna
|
0-0: Called Strike 0-1: Foul Ball, location: 2F 0-2: Ball 1-2: SINGLE (Flyball, 6MD)
|
Batting: RHB Víctor Pérez
|
0-0: Fly out, F9 (Flyball, 89S)
|
Bottom of the 2nd over - 0 run(s), 1 hit(s), 0 error(s), 1 left on base; Louisville 0 - South Florida 0 |
TOP OF THE 3RD |
Louisville Cardinals batting - Pitching for South Florida Bulls : RHP Mark Looper
|
Batting: RHB Chip Owens
|
0-0: Ball 1-0: Called Strike 1-1: Called Strike 1-2: Foul Ball, location: 2F 1-2: Fly out, F4 (Line Drive, 4)
|
Batting: RHB Iván Díaz
|
0-0: Foul Ball, location: 2F 0-1: Ball 1-1: Ball 2-1: Ball 3-1: Called Strike 3-2: Fly out, F2 (Popup, 2LF)
|
Batting: RHB Doug Bell
|
0-0: Hit by Pitch
|
Batting: RHB Mathew Mullen
|
0-0: Called Strike 0-1: Ball 1-1: Fly out, F7 (Flyball, 78M)
|
Top of the 3rd over - 0 run(s), 0 hit(s), 0 error(s), 1 left on base; Louisville 0 - South Florida 0 |
BOTTOM OF THE 3RD |
South Florida Bulls batting - Pitching for Louisville Cardinals : LHP Eric Knox
|
Batting: RHB Warren Strathbogie
|
0-0: Foul Ball, location: 2F 0-1: Ball 1-1: Called Strike 1-2: Strikes out swinging
|
Batting: RHB Ronnie Rogers
|
0-0: Called Strike 0-1: Ball 1-1: Ball 2-1: Ball 3-1: Called Strike 3-2: Strikes out looking
|
Batting: RHB Dave Anderson
|
0-0: Swinging Strike 0-1: Swinging Strike 0-2: Strikes out looking
|
Bottom of the 3rd over - 0 run(s), 0 hit(s), 0 error(s), 0 left on base; Louisville 0 - South Florida 0 |
TOP OF THE 4TH |
Louisville Cardinals batting - Pitching for South Florida Bulls : RHP Mark Looper
|
Batting: RHB James Everhart
|
0-0: Called Strike 0-1: Ball 1-1: Ball 2-1: Swinging Strike 2-2: Ball 3-2: Ground out 1-3 (Groundball, 13)
|
Batting: RHB José González
|
0-0: Foul Ball, location: 2F 0-1: Ball 1-1: Called Strike 1-2: Hit by Pitch
|
Batting: RHB Michael Harris
|
0-0: Swinging Strike 0-1: Ball 1-1: Ball 2-1: Ball 3-1: Called Strike 3-2: Strikes out swinging José González steals 2nd base Batter strikes out.
|
Batting: RHB Albert Galindo
|
0-0: Called Strike 0-1: Swinging Strike 0-2: Strikes out swinging
|
Top of the 4th over - 0 run(s), 0 hit(s), 0 error(s), 1 left on base; Louisville 0 - South Florida 0 |
BOTTOM OF THE 4TH |
South Florida Bulls batting - Pitching for Louisville Cardinals : LHP Eric Knox
|
Batting: RHB Roberto Camacho
|
0-0: Ball 1-0: Ball 2-0: SOLO HOME RUN (Flyball, 7LD), Distance : 327 ft
|
Batting: LHB Bob Bush
|
0-0: Swinging Strike 0-1: Ball 1-1: Swinging Strike 1-2: Strikes out swinging
|
Batting: RHB Leonardo Sinisterra
|
0-0: Called Strike 0-1: Foul Ball, location: 2F 0-2: Ball 1-2: Strikes out swinging
|
Batting: LHB Pat Lee
|
0-0: Ball 1-0: Swinging Strike 1-1: Ball 2-1: Ball 3-1: Ground out 6-3 (Groundball, 6M)
|
Bottom of the 4th over - 1 run(s), 1 hit(s), 0 error(s), 0 left on base; Louisville 0 - South Florida 1 |
TOP OF THE 5TH |
Louisville Cardinals batting - Pitching for South Florida Bulls : RHP Mark Looper
|
Batting: RHB Jack Crossey
|
0-0: Called Strike 0-1: Called Strike 0-2: Ball 1-2: Foul Ball, location: 2F 1-2: Foul Ball, location: 2F 1-2: Foul Ball, location: 2F 1-2: Ball 2-2: Foul Ball, location: 2F 2-2: Ball 3-2: Foul Ball, location: 2F 3-2: Reached on error, E5 (Groundball, 56)
|
Batting: RHB Chip Owens
|
0-0: Ball 1-0: 2-RUN HOME RUN (Flyball, 7LD), Distance : 326 ft
|
Batting: RHB Iván Díaz
|
0-0: Called Strike 0-1: Called Strike 0-2: Ball 1-2: Strikes out swinging
|
Batting: RHB Doug Bell
|
0-0: Called Strike 0-1: Ball 1-1: Foul Ball, location: 2F 1-2: Fly out, F4 (Popup, 4D)
|
Batting: RHB Mathew Mullen
|
0-0: Foul Ball, location: 2F 0-1: Swinging Strike 0-2: Fly out, F2 (Popup, 2L)
|
Top of the 5th over - 2 run(s), 1 hit(s), 1 error(s), 0 left on base; Louisville 2 - South Florida 1 |
BOTTOM OF THE 5TH |
South Florida Bulls batting - Pitching for Louisville Cardinals : LHP Eric Knox
|
Batting: RHB Pancho Reyna
|
0-0: Called Strike 0-1: Ball 1-1: Foul Ball, location: 2F 1-2: Foul Ball, location: 2F 1-2: Ball 2-2: Foul Ball, location: 2F 2-2: Ball 3-2: Foul Ball, location: 2F 3-2: Strikes out swinging
|
Batting: RHB Víctor Pérez
|
0-0: Ball 1-0: Ball 2-0: Ball 3-0: Called Strike 3-1: Foul Ball, location: 2F 3-2: Strikes out swinging
|
Batting: RHB Warren Strathbogie
|
0-0: Foul Ball, location: 2F 0-1: Ball 1-1: Foul Ball, location: 2F 1-2: Foul Ball, location: 2F 1-2: Foul Ball, location: 2F 1-2: Strikes out swinging
|
Bottom of the 5th over - 0 run(s), 0 hit(s), 0 error(s), 0 left on base; Louisville 2 - South Florida 1 |
TOP OF THE 6TH |
Louisville Cardinals batting - Pitching for South Florida Bulls : RHP Mark Looper
|
Pitching: RHP Ken Harrell
|
|
Batting: RHB James Everhart
|
0-0: Called Strike 0-1: Ball 1-1: Swinging Strike 1-2: Ground out 1-3 (Groundball, 13S)
|
Batting: RHB José González
|
0-0: Fly out, F8 (Flyball, 8RM)
|
Batting: RHB Michael Harris
|
0-0: Fly out, F7 (Flyball, 78XD)
|
Top of the 6th over - 0 run(s), 0 hit(s), 0 error(s), 0 left on base; Louisville 2 - South Florida 1 |
BOTTOM OF THE 6TH |
South Florida Bulls batting - Pitching for Louisville Cardinals : LHP Eric Knox
|
Batting: RHB Ronnie Rogers
|
0-0: Ball 1-0: Called Strike 1-1: Called Strike 1-2: Foul Ball, location: 2F 1-2: Ball 2-2: SINGLE (Flyball, 6MD)
|
Pitching: RHP Jorge Flores
|
|
Batting: RHB Dave Anderson
|
0-0: Called Strike 0-1: Fly out, F9 (Flyball, 9LM)
|
Batting: RHB Roberto Camacho
|
0-0: Foul Ball, location: 2F 0-1: Ball 1-1: Ball Ronnie Rogers steals 2nd base 2-1: Fly out, F7 (Flyball, 7M)
|
Batting: LHB Bob Bush
|
0-0: Foul Ball, location: 2F 0-1: Ball 1-1: Swinging Strike 1-2: Ball 2-2: Ball 3-2: Ground out 4-3 (Groundball, 4)
|
Bottom of the 6th over - 0 run(s), 1 hit(s), 0 error(s), 1 left on base; Louisville 2 - South Florida 1 |
TOP OF THE 7TH |
Louisville Cardinals batting - Pitching for South Florida Bulls : RHP Ken Harrell
|
Batting: RHB Albert Galindo
|
0-0: Called Strike 0-1: Ball 1-1: Ball 2-1: Foul Ball, location: 2F 2-2: Ball 3-2: Strikes out swinging
|
Batting: RHB Jack Crossey
|
0-0: Ball 1-0: Ball 2-0: Ball 3-0: Swinging Strike 3-1: Called Strike 3-2: Strikes out swinging, 2-3 out at first.
|
Batting: RHB Chip Owens
|
0-0: Called Strike 0-1: SINGLE (Line Drive, 7LS)
|
Batting: RHB Iván Díaz
|
0-0: Foul Ball, location: 2F 0-1: Ball 1-1: Swinging Strike 1-2: Ball 2-2: Fly out, F8 (Line Drive, 8RM)
|
Top of the 7th over - 0 run(s), 1 hit(s), 0 error(s), 1 left on base; Louisville 2 - South Florida 1 |
BOTTOM OF THE 7TH |
South Florida Bulls batting - Pitching for Louisville Cardinals : RHP Jorge Flores
|
Batting: RHB Leonardo Sinisterra
|
0-0: Called Strike 0-1: Foul Ball, location: 2F 0-2: Ball 1-2: Strikes out looking
|
Batting: LHB Pat Lee
|
0-0: Ball 1-0: Ball 2-0: Fly out, F7 (Line Drive, 7D)
|
Batting: RHB Pancho Reyna
|
0-0: Ball 1-0: Ball 2-0: Ball 3-0: Base on Balls
|
Batting: RHB Víctor Pérez
|
0-0: Ground out 4-3 (Groundball, 4)
|
Bottom of the 7th over - 0 run(s), 0 hit(s), 0 error(s), 1 left on base; Louisville 2 - South Florida 1 |
TOP OF THE 8TH |
Louisville Cardinals batting - Pitching for South Florida Bulls : RHP Ken Harrell
|
Pitching: RHP Allen Steele
|
|
Batting: RHB Doug Bell
|
0-0: Ball 1-0: Ball 2-0: Called Strike 2-1: Reached on Error, E4 (Popup, 34)
|
Batting: RHB Mathew Mullen
|
0-0: Ball 1-0: Sac Bunt - play at first, batter OUT! 5-4 Doug Bell to second
|
Batting: RHB James Everhart
|
0-0: Called Strike 0-1: Fly out, F4 (Popup, 4D)
|
Batting: RHB José González
|
0-0: Ball 1-0: Ball 2-0: Ball 3-0: Base on Balls
|
Batting: RHB Michael Harris
|
0-0: Swinging Strike 0-1: Foul Ball, location: 2F 0-2: Strikes out swinging
|
Top of the 8th over - 0 run(s), 0 hit(s), 1 error(s), 2 left on base; Louisville 2 - South Florida 1 |
BOTTOM OF THE 8TH |
South Florida Bulls batting - Pitching for Louisville Cardinals : RHP Jorge Flores
|
Pitching: RHP Harry Balcom
|
|
Batting: RHB Warren Strathbogie
|
0-0: Ball 1-0: Ball 2-0: Ball 3-0: Base on Balls
|
Batting: RHB Ronnie Rogers
|
0-0: Sac Bunt - play at first, batter OUT! 1-4 Warren Strathbogie to second
|
Batting: RHB Dave Anderson
|
0-0: Ball 1-0: Ball 2-0: Foul Ball, location: 2F 2-1: Ball 3-1: Base on Balls
|
Batting: RHB Roberto Camacho
|
0-0: Fly out, F7 (Flyball, 7M)
|
Pitching: LHP Jon Pearce
|
|
Batting: LHB Bob Bush
|
0-0: Ball 1-0: Ball 2-0: Foul Ball, location: 2F 2-1: Foul Ball, location: 2F 2-2: SINGLE (Line Drive, 4D) Warren Strathbogie to third Dave Anderson to second
|
Pitching: RHP Ray Holland
|
|
Batting: RHB Leonardo Sinisterra
|
0-0: Ball 1-0: Foul Ball, location: 2F 1-1: Swinging Strike 1-2: Ball 2-2: Ball 3-2: Strikes out swinging
|
Bottom of the 8th over - 0 run(s), 1 hit(s), 0 error(s), 3 left on base; Louisville 2 - South Florida 1 |
TOP OF THE 9TH |
Louisville Cardinals batting - Pitching for South Florida Bulls : RHP Allen Steele
|
Pitching: RHP Dong-hua Mei
|
|
Batting: RHB Albert Galindo
|
0-0: Ball 1-0: Called Strike 1-1: Swinging Strike 1-2: Ball 2-2: Foul Ball, location: 2F 2-2: Ball 3-2: Foul Ball, location: 2F 3-2: Foul Ball, location: 2F 3-2: Foul Ball, location: 2F 3-2: Base on Balls
|
Batting: RHB Jack Crossey
|
0-0: Ball 1-0: Called Strike 1-1: Called Strike 1-2: Ball 2-2: Strikes out swinging
|
Batting: RHB Chip Owens
|
0-0: Called Strike Albert Galindo is caught stealing 2nd base 0-1: Ball 1-1: Foul Ball, location: 2F 1-2: Strikes out looking
|
Top of the 9th over - 0 run(s), 0 hit(s), 0 error(s), 0 left on base; Louisville 2 - South Florida 1 |
BOTTOM OF THE 9TH |
South Florida Bulls batting - Pitching for Louisville Cardinals : RHP Ray Holland
|
Pitching: RHP Adam Lawson
|
|
Now at C: Ron West
|
|
Now in CF: Victor Gilbert
|
|
Batting: LHB Pat Lee
|
0-0: Ball 1-0: Ball 2-0: Called Strike 2-1: Foul Ball, location: 2F 2-2: Foul Ball, location: 2F 2-2: Ball 3-2: Foul Ball, location: 2F 3-2: Ground out 1-3 (Groundball, 25)
|
Batting: RHB Pancho Reyna
|
0-0: Ball 1-0: Ball 2-0: Ball 3-0: Base on Balls
|
Batting: RHB Víctor Pérez
|
0-0: Called Strike 0-1: Ball 1-1: Ball 2-1: Ball 3-1: Base on Balls Pancho Reyna to second
|
Batting: RHB Warren Strathbogie
|
0-0: Foul Ball, location: 2F 0-1: Swinging Strike 0-2: Foul Ball, location: 2F 0-2: Foul Ball, location: 2F 0-2: Ball 1-2: Ball 2-2: SINGLE (Line Drive, 34D) Pancho Reyna to third Víctor Pérez to second Runner from 3rd tries for Home, SAFE, throw made home
|
Batting: RHB Ronnie Rogers
|
0-0: Ball 1-0: Ball 2-0: Swinging Strike 2-1: Ball 3-1: Foul Ball, location: 2F 3-2: Base on Balls Víctor Pérez to third Warren Strathbogie to second
|
Batting: RHB Dave Anderson
|
0-0: Called Strike 0-1: Ball 1-1: Swinging Strike 1-2: Foul Ball, location: 2F 1-2: Strikes out swinging
|
Batting: RHB Roberto Camacho
|
0-0: Called Strike 0-1: Ball 1-1: SINGLE (Line Drive, 4MD) Víctor Pérez scores
|
Monday, December 5th, 2016 - OOTP Baseball 17.12 Build 75
|
|